 Dungeon Crawl Stone Soup version 0.27-a0-1065-ge809cff456 (webtiles) character file.

Game seed: 17497834794370119107

43 Anon1729 the Skirmisher (level 3, -3/29 HPs)
             Began as a Demonspawn Berserker on Apr 23, 2021.
             Was a Follower of Trog.
             Slain by an adder (4 damage)
             ... on level 3 of the Dungeon.
             The game lasted 00:00:58 (1330 turns).

Anon1729 the Skirmisher (Demonspawn Berserker)      Turns: 1330, Time: 00:00:59

Health: -3/29      AC:  2    Str: 18    XL:     3   Next: 37%
Magic:  3/3        EV: 12    Int:  8    God:    Trog [*.....]
Gold:   69         SH:  0    Dex: 12    Spells: 2/2 levels left

rFire    . . .     SeeInvis .   a - +0 hand axe
rCold    . . .     Faith    .   (no shield)
rNeg     . . .     Spirit   .   b - +0 animal skin
rPois    .         Reflect  .   (helmet restricted)
rElec    .         Harm     .   (no cloak)
rCorr    .         Rampage  .   (no gloves)
Will     .....                  (no boots)
Stlth    +.........             (no amulet)
HPRegen  0.09/turn              (no ring)
MPRegen  0.08/turn              (no ring)

@: no status effects
A: antennae 1, demonic magic 1
a: Renounce Religion, Berserk


You were on level 3 of the Dungeon.
You worshipped Trog.
Trog was aware of your devotion.
You visited 1 branch of the dungeon, and saw 3 of its levels.

You collected 69 gold pieces.

Inventory:

Hand Weapons
 a - a +0 hand axe (weapon)
Armour
 b - a +0 animal skin (worn)
Scrolls
 d - a scroll of immolation
 e - a scroll of teleportation {unknown}
 f - a scroll of enchant weapon {unknown}
 g - 2 scrolls of blinking {unknown}
Potions
 c - a potion of curing {unknown}


   Skills:
 + Level 3.3 Fighting
 * Level 3.2 Axes
 + Level 2.2 Armour
 + Level 2.2 Dodging


You had 2 spell levels left.
You didn't know any spells.
Your spell library was empty.

Dungeon Overview and Level Annotations

Branches:
Dungeon (3/15)

Altars:


Innate Abilities, Weirdness & Mutations

You have a pair of small antennae on your head.
Spells you cast may paralyse adjacent enemies.


Message History

The giant cockroach bites you but does no damage.
You hit the giant cockroach but do no damage.
The giant cockroach is severely wounded.
The giant cockroach misses you.
You closely miss the giant cockroach.
The giant cockroach is severely wounded.
The giant cockroach barely misses you.
You hit the giant cockroach.
The giant cockroach is almost dead.
The giant cockroach closely misses you. The giant cockroach bites you.
You hit the giant cockroach.
You kill the giant cockroach!
Trog accepts your kill.
You see here a giant cockroach corpse.
A ball python comes into view.
A ball python is nearby!
A ball python is nearby!
You see here an adder corpse.
An adder comes into view.
The adder hisses angrily.
The ball python completely misses you. The ball python grabs you.
The ball python constricts you. The ball python loses its grip on you.
You closely miss the adder. The adder bites you.
You miss the adder. You hit the ball python. The ball python bites you.
The ball python grabs you. The ball python constricts you. The adder bites you.
* * * LOW HITPOINT WARNING * * *
You closely miss the adder. You hit the ball python.
You kill the ball python!
Trog accepts your kill. The adder bites you.
* * * LOW HITPOINT WARNING * * *
The adder closely misses you.
You hit the adder.
The adder is heavily wounded.
The adder bites you.
* * * LOW HITPOINT WARNING * * *
You miss the adder.
The adder is heavily wounded.
The adder bites you.
You die...

.################
......†.....#...#
#.S@...††...#
#...#####.#...#
..... #<##.##
#.#. #.# .# #..
#.# # ## #.# ..#
.## .


You could see an adder.

Vanquished Creatures
  An adder (D:3)
  A worm (D:2)
  An endoplasm (D:1)
  2 giant cockroaches
  2 goblins (D:1)
  3 hobgoblins (D:1)
  4 jackals (D:1)
  A quokka (D:1)
  3 ball pythons
  7 bats
  2 kobolds (D:1)
  2 rats
29 creatures vanquished.

Vanquished Creatures (others)
  2 plants (D:3)
2 creatures vanquished.

Grand Total: 31 creatures vanquished

Notes
Turn   | Place    | Note
-------+----------+-------------------------------------------
     0 | D:1      | Anon1729 the Demonspawn Berserker began the quest for the
                  | Orb.
     0 | D:1      | Reached XP level 1. HP: 18/18 MP: 1/1
   161 | D:1      | Found a faded altar of an unknown god.
   587 | D:1      | Gained mutation: You have a pair of small antennae on your
                  | head. [demonic ancestry]
   587 | D:1      | Reached XP level 2. HP: 20/24 MP: 2/2
  1249 | D:2      | Gained mutation: Spells you cast may paralyse adjacent
                  | enemies. [demonic ancestry]
  1249 | D:2      | Reached XP level 3. HP: 29/29 MP: 3/3
  1329 | D:3      | HP: 1/29 [adder (4)]
  1330 | D:3      | Slain by an adder

Illustrated notes

Levels and vault maps discovered:
D:1:      tarquinn_simple_flora_water_a, layout_basic,
          hellmonk_ecumenical_altar_blasted, minmay_misc_feat_plants
D:2:      layout_loops_ring, serial_shops, nicolae_shop_window_shopping,
          st_stairs_2
D:3:      corexii_shack_village, layout_loops_ring, okawaru_metal_pillars_1_2,
          chequers_garden, minmay_misc_feat_roman

Skill      XL: |  1  2 |
---------------+-------+-----
Armour         | 2 |  2.2
Dodging        | 2 |  2.2
Axes           | 3 |  3.2
Fighting       | |  3.3

Action                   || total
-------------------------++-------
Melee: Hand axe          ||    97
Armor: Animal skin       ||    28
Dodge: Dodged            ||    85

Table legend: (Time is in decaauts)
 A = Elapsed time spent in this place.
 B = Non-inter-level travel time spent in this place.
 C = Inter-level travel time spent in this place.
 D = Time resting spent in this place.
 E = Time spent auto-exploring this place.
 F = Levels seen in this place.
 G = Mean time per level.
                   A        B        C        D        E       F      G
               +--------+--------+--------+--------+--------+-----+--------+
         Total |   1345 |   1321 |     24 |    163 |    940 |   3 |  448.3 |
       Dungeon |   1345 |   1321 |     24 |    163 |    940 |   3 |  448.3 |
               +--------+--------+--------+--------+--------+-----+--------+

Top non-repeatable levels by time:
     D:1: 1144 daAuts
     D:2: 139 daAuts
     D:3: 61 daAuts
